 Dungeon Crawl Stone Soup version 0.32-a0-872-g59262bdc9b (webtiles) character file.

Game seed: 2116524893215409838

3 601d51SH the Sneak (level 1, -1/19 HPs)
             Began as a Draconian Delver on Mar 30, 2024.
             Slain by an orc
             ... wielding a +0 dagger
              (3 damage)
             ... on level 4 of the Dungeon.
             The game lasted 00:02:36 (194 turns).

601d51SH the Sneak (Draconian Delver)                Turns: 194, Time: 00:02:36

Health: -1/19      AC:  4    Str: 14    XL:     1   Next: 41%
Magic:  1/1        EV: 11    Int: 10    God:
Gold:   28         SH:  0    Dex: 12    Spells: 0/0 levels left

rFire   . . .        a - +0 falchion
rCold   . . .        (no shield)
rNeg    . . .        (body armour unavailable)
rPois   .            (helmet currently unavailable)
rElec   .            (cloak currently unavailable)
rCorr   .            (gloves currently unavailable)
SInv    .            (boots currently unavailable)
Will    .....        (no amulet)
Stlth   +++          (no ring)
HPRegen 0.23/turn    (no ring)
MPRegen 0.07/turn

%: no passive effects
@: beast-form, hasted, very quick
A: beast (slay +0), AC +4, unfitting armour, cold-blooded
a: Begin Untransformation, Convert to Beogh


You were on level 4 of the Dungeon.
You were a hulking beast.
You visited 1 branch of the dungeon, and saw 2 of its levels.

You collected 28 gold pieces.

Inventory:

Hand Weapons
 a - a +0 falchion (weapon)
 k - a +0 hand axe
Missiles
 i - 2 poisoned darts (quivered)
Armour
 h - a +0 ring mail
Talismans
 g - a beast talisman (active)
Wands
 f - a wand of digging (3)
Scrolls
 b - a scroll of fog
 c - a scroll of revelation
 j - a scroll of enchant armour {unknown}
Potions
 l - a potion of invisibility {unknown}


   Skills:
 + Level 3.3 Fighting
 + Level 2.0 Long Blades
 + Level 1.7 Dodging
 + Level 4.7 Stealth


You couldn't memorise any spells.
You didn't know any spells.
Your spell library contained the following spells:

 Spells                   Type           Power      Damage    Failure   Level
 Sculpt Simulacrum        Ice/Alch       0%         N/A       100%        6
 Ozocubu's Refrigeration  Ice            0%         4d7       100%        7
 Polar Vortex             Ice            0%         N/A       100%        9


Dungeon Overview and Level Annotations

Branches:
Dungeon (5/15)             Temple (0/1) D:4

Altars:


Innate Abilities, Weirdness & Mutations

You are a hulking beast.
Your limbs bulge with bestial killing power. (Slay +0)
Your plain brown scales are hard. (AC +4)
You cannot fit into any form of body armour.
You are cold-blooded and may be slowed by cold attacks.


Message History

You barely miss the hound.
The hound is moderately wounded.
The hound bites you. x2
The orc priest threatens, "Beogh's wrath is as vast as their mercy.
Make your choice!" (press Y on the ability menu to convert to Beogh)
You closely miss the hound.
Your tail-slap misses the hound.
The hound is moderately wounded.
The hound bites you.
The orc wizard casts a spell.
The orc wizard flickers and vanishes!
Deactivating autopickup; reactivate with Ctrl-A.
The hound bites you but does no damage.
As you read the scroll of fear, it crumbles to dust.
You assume a fearsome visage.
The kobold looks frightened!
The hound looks frightened!
The orc looks frightened!
The orc priest looks frightened!
You feel yourself speed up.
There is an open door here.
You completely miss the orc priest. The orc priest closely misses you.
You barely miss the orc priest.
The orc priest hits you but does no damage.
The orc barely misses you.
You barely miss the orc priest.
The orc priest casts a cantrip, but nothing happens.
The orc hits you with a +0 dagger.
You hit the orc priest.
The orc priest is lightly wounded.
The orc priest mumbles some strange prayers to Beogh against you.
Pain shoots through your body!
* * * LOW HITPOINT WARNING * * *
The orc hits you with a +0 dagger.
* * * LOW HITPOINT WARNING * * *
You closely miss the orc priest.
The orc priest is lightly wounded.
You closely miss the orc priest.
The orc priest is lightly wounded.
The orc priest hits you with a +0 dagger.
* * * LOW HITPOINT WARNING * * *
The orc hits you with a +0 dagger.
You die...

...o..............#
........######.#.#
#.............#<#
#.......#.#...###
#......#.#.#...##
#.....#.#.#.#.... ###
#......#.>.#.....
#....####o....#o#.#.#....
#..).ho.....#.#.#...##
######......†#.#...##
#####.........#
###.......# #########


You could see an orc priest and 2 orcs.

Vanquished Creatures
  2 ball pythons (D:4)
  A quokka (D:4)
3 creatures vanquished.

Notes
Turn   | Place    | Note
-------+----------+-------------------------------------------
     0 | D:5      | 601d51SH the Draconian Delver began the quest for the Orb.
     0 | D:5      | Reached XP level 1. HP: 19/19 MP: 1/1
    89 | D:5      | Noticed a sleepcap
   136 | D:4      | Found a staircase to the Ecumenical Temple.
   168 | D:4      | Noticed an orc priest
   168 | D:4      | Noticed an orc priest
   170 | D:4      | Noticed a hound
   170 | D:4      | Noticed an orc wizard
   194 | D:4      | Slain by an orc

Illustrated notes

Levels and vault maps discovered:
D:4:      layout_basic, nicolae_wu_jian_wuxing_cycle,
          nicolae_sif_muna_condensation, nicolae_overflow_hidden_temple,
          minmay_temple_entry_grid, grunt_decor_cap, kennysheep_pointless_box
D:5:      layout_loops_cross, nicolae_figureground_pulse

Action                     || total
---------------------------++-------
  Melee: Falchion          ||    24
         Tailslap          ||     1
    Use: Scroll            ||     1
         Potion            ||     1
 Armour: Skin              ||    22
  Dodge: Dodged            ||    21
   Form: Beast             ||     1

Table legend: (Time is in decaauts)
 A = Elapsed time spent in this place.
 B = Non-inter-level travel time spent in this place.
 C = Inter-level travel time spent in this place.
 D = Time resting spent in this place.
 E = Time spent auto-exploring this place.
 F = Levels seen in this place.
 G = Mean time per level.
                   A        B        C        D        E       F      G
               +--------+--------+--------+--------+--------+-----+--------+
         Total |    197 |    197 |      0 |      0 |      0 |   2 |   98.5 |
       Dungeon |    197 |    197 |      0 |      0 |      0 |   2 |   98.5 |
               +--------+--------+--------+--------+--------+-----+--------+

Top non-repeatable levels by time:
     D:5: 112 daAuts
     D:4: 84 daAuts
